 Dungeon Crawl Stone Soup version 0.26.0-91-g99b343417d (webtiles) character file.

Game seed: 5025687231456492761

63 Gadfly the Shield-Bearer (level 4, 0/52 HPs)
             Began as a Formicid Fighter on Feb 3, 2021.
             Succumbed to an adder's poison
             ... on level 2 of the Dungeon.
             The game lasted 00:02:29 (1401 turns).

Gadfly the Shield-Bearer (Formicid Fighter)         Turns: 1401, Time: 00:02:29

Health: 0/52       AC: 22    Str: 21    XL:     4   Next: 30%
Magic:  5/5        EV:  2    Int:  8    God:
Gold:   89         SH:  9    Dex: 10    Spells: 3/3 levels left

rFire    . . .     SeeInvis .   a - +0 war axe
rCold    . . .     Faith    .   c - +0 kite shield
rNeg     + + +     Spirit   .   (armour currently unavailable)
rPois    +         Reflect  .   (helmet unavailable)
rElec    .         Harm     .   (cloak currently unavailable)
rCorr    .         Rampage  .   (gloves currently unavailable)
Will     .....                  (boots currently unavailable)
Stlth    +.........             (no amulet)
HPRegen  0.17/turn              (no ring)
MPRegen  0.09/turn              (no ring)

@: lethally poisoned (0 -> -3), tree-form, attractive
A: permanent stasis, dig shafts and tunnels, four strong arms
a: no special abilities


You were on level 2 of the Dungeon.
You were a tree.
You visited 1 branch of the dungeon, and saw 2 of its levels.

You collected 89 gold pieces.

Inventory:

Hand Weapons
 a - a +0 war axe (weapon)
Missiles
 f - 30 bolts
Armour
 b - a +0 scale mail (melded)
 c - a +0 kite shield (worn)
Scrolls
 i - a scroll of remove curse {unknown}
Potions
 d - a potion of might
 e - 2 potions of flight


   Skills:
 + Level 3.5 Fighting
 * Level 2.4 Axes
 * Level 1.1 Crossbows
 + Level 3.4 Armour
 + Level 3.8 Shields
 * Level 1.4 Invocations
 * Level 1.9 Evocations


You had 3 spell levels left.
You didn't know any spells.
Your spell library was empty.

Dungeon Overview and Level Annotations

Branches:
Dungeon (2/15)

Altars:
Hepliaklqana


Innate Abilities, Weirdness & Mutations

You cannot be hasted, slowed, berserked, paralysed or teleported.
You can dig through walls and to a lower floor.
Your four strong arms can wield two-handed weapons with a shield.
((You have a pair of large antennae on your head. (SInv)))


Message History

Your +0 scale mail melds into your body.
Your roots penetrate the ground.
* * * LOW HITPOINT WARNING * * *
You feel sick.
There is a lethal amount of poison in your body!
There is a lethal amount of poison in your body!
There is a lethal amount of poison in your body!
There is a lethal amount of poison in your body!
There is a lethal amount of poison in your body!
* * * LOW HITPOINT WARNING * * *
You feel sick.
* * * LOW HITPOINT WARNING * * *
You feel sick.
* * * LOW HITPOINT WARNING * * *
You feel sick.
* * * LOW HITPOINT WARNING * * *
You feel sick.
* * * LOW HITPOINT WARNING * * *
You feel sick.
You die...

.≈≈≈≈≈≈≈≈≈≈....
.
#≈≈≈≈≈♣.≈≈≈≈≈≈..
#.≈≈≈≈._.≈≈≈...>
#..≈≈≈...≈≈≈≈...
#..≈≈≈≈≈≈≈≈≈....
#.≈≈≈≈≈≈≈≈≈≈≈...
#.≈≈≈≈≈≈≈≈≈≈≈≈#
#≈≈≈≈...†.≈≈.≈#
#≈≈.....♣.....#
###.#.###.#.###
#...# .# # #.###
.# #.# .. #.# ##
... #.# #.# #.#
#.# #.# #.#


There were no monsters in sight!

Vanquished Creatures
  2 adders (D:2)
  3 dart slugs
  A leopard gecko (D:1)
  8 bats
  2 giant cockroaches (D:2)
  7 hobgoblins (D:1)
  3 jackals (D:1)
  4 kobolds
  3 frilled lizards (D:1)
  A goblin (D:2)
  4 rats (D:1)
38 creatures vanquished.

Notes
Turn   | Place    | Note
-------+----------+-------------------------------------------
     0 | D:1      | Gadfly the Formicid Fighter began the quest for the Orb.
     0 | D:1      | Reached XP level 1. HP: 18/18 MP: 1/1
   107 | D:1      | Reached XP level 2. HP: 24/24 MP: 2/2
   204 | D:1      | Reached skill level 1 in Evocations
   381 | D:1      | Reached XP level 3. HP: 29/29 MP: 3/3
   415 | D:1      | Reached skill level 1 in Invocations
   948 | D:2      | Reached skill level 1 in Crossbows
   952 | D:2      | Reached XP level 4. HP: 29/35 MP: 3/5
  1240 | D:2      | Found a hazy altar of Hepliaklqana.
  1365 | D:2      | Found a faded altar of an unknown god.
  1397 | D:2      | HP: 2/52 [poisoned by an adder]
  1401 | D:2      | Succumbed to an adder's poison

Illustrated notes

Levels and vault maps discovered:
D:1:      zaba_arrival_water, layout_basic, chequers_serial_rivers_large_a,
          chequers_serial_rivers_micro_b, hangedman_decor_lopped
D:2:      layout_loops_ring, nzn_hepliaklqana_mist_gate,
          chequers_ecumenical_altar_island, minmay_fountain_box,
          chequers_serial_rivers_small_a, kennysheep_cross_room

Skill      XL: |  1  2  3 |
---------------+----------+-----
Evocations     | 1 |  1.9
Invocations    | 1 |  1.4
Crossbows      | 1 |  1.1
Fighting       | |  3.5
Axes           | |  2.4
Armour         | |  3.4
Shields        | |  3.8

Action                   |  1- 3 |  4- 6 || total
-------------------------+-------+-------++-------
Melee: War axe           |    82 |    42 ||   124
  Use: Scroll            |     3 |     2 ||     5
       Potion            |     1 |     2 ||     3
Armor: Scale mail        |    42 |    17 ||    59
Dodge: Dodged            |    22 |    16 ||    38
Block: Kite shield       |    60 |    35 ||    95
